 Dungeon Crawl Stone Soup version 0.28-a0-1152-g9c71ebef14 (webtiles) character file.

Game seed: 14610146834059893259

1392 tilp the Chiller (level 8, 33/33 HPs)
             Began as a Felid Ice Elementalist on Dec 14, 2021.
             Was an Initiate of Ru.
             Quit the game on level 7 of the Dungeon.
             The game lasted 00:13:00 (10234 turns).

tilp the Chiller (Felid Ice Elementalist)          Turns: 10234, Time: 00:13:01

Health: 33/33      AC:  2    Str:  4    XL:     8   Next: 41%
Magic:  16/16      EV: 18    Int: 23    God:    Ru [......]
Gold:   228        SH:  5    Dex: 16    Spells: 6/17 levels left
                                        Lives:  0   Deaths: 2

rFire   . . .      SeeInvis +     - Unarmed
rCold   . . .      Faith    .   (shield unavailable)
rNeg    . . .      Spirit   .   (armour unavailable)
rPois   .          Reflect  +   (helmet unavailable)
rElec   +          Harm     .   (cloak unavailable)
rCorr   .          Rampage  .   (gloves unavailable)
Will    +....                   (boots unavailable)
Stlth   ++++......              e - amulet of Cann {Reflect rElec Int+2 SH+5 Stlth+}
HPRegen 0.11/turn               (no ring)
MPRegen 0.15/turn               (no ring)

@: quick
A: very small, claws 1, fangs 3, see invisible, speed 1, shaggy fur 2, stealthy
paws, no weapons or thrown items, no armour, multi-lived
a: Renounce Religion


You were on level 7 of the Dungeon.
You worshipped Ru.
Ru was noncommittal.
You visited 2 branches of the dungeon, and saw 8 of its levels.

You collected 228 gold pieces.

Inventory:

Jewellery
 e - the amulet of Cann (around neck) {Reflect rElec Int+2 SH+5 Stlth+}
   (You acquired it on level 3 of the Dungeon)

   [amulet of reflection]

   It reflects blocked missile attacks.
   Int:       It affects your intelligence (+2).
   rElec:     It insulates you from electricity.
   SH:        It affects your SH (+5).
   Stlth:     It makes you more stealthy.
 k - an amulet of the acrobat
Wands
 b - a wand of iceblast (5)
 i - a wand of charming (4)
Scrolls
 g - 2 scrolls of teleportation
 j - a scroll of magic mapping
Potions
 a - a potion of magic
 c - 3 potions of curing
 d - 2 potions of haste
 f - a potion of might
 h - 2 potions of berserk rage
 l - a potion of resistance
 o - 2 potions of lignification


   Skills:
 - Level 2.0 Fighting
 - Level 4.0 Dodging
 - Level 6.0 Stealth
 - Level 4.0 Unarmed Combat
 - Level 5.0 Spellcasting
 * Level 7.0 Conjurations
 + Level 7.8 Ice Magic


You had 6 spell levels left.
You knew the following spells:

 Your Spells              Type           Power      Damage    Failure   Level
a - Freeze                Ice            100%       1d11      1%          1
b - Frozen Ramparts       Ice            82%        1d10      1%          3
c - Ozocubu's Armour      Ice            41%        N/A       1%          3
d - Hailstorm             Conj/Ice       40%        3d10      4%          4

Your spell library contained the following spells:

 Spells                   Type           Power      Damage    Failure   Level
 Scorch                   Fire           10%        2d6       14%         2
 Flame Wave               Conj/Fire      21%        2d6       22%         4
 Summon Cactus Giant      Summ           2%         N/A       100%        6


Dungeon Overview and Level Annotations

Branches:
Dungeon (7/15)             Temple (1/1) D:5

Altars:
Dithmenos
Elyvilon
Gozag
Kikubaaqudgha
Makhleb
Nemelex Xobeh
Okawaru
Qazlal
Ru
Sif Muna
Trog
Uskayaw
Vehumet
Wu Jian
Xom
Yredelemnul
Zin
The Shining One

Shops:
D:7 [

Annotations:
D:4 exclusion: ice beast
D:5 2 transporters, Blackjack's ghost, amateur GnWz


Innate Abilities, Weirdness & Mutations

You have sharp claws.
You have razor-sharp teeth.
You have supernaturally acute eyesight. (SInv)
You cover ground quickly. (Speed+)
You are covered in thick fur. (AC +2)
Your paws help you pounce on unaware monsters.
You are incapable of wielding weapons or throwing items.
You cannot wear armour.
You gain extra lives every three experience levels.


Message History

Confirm with . or Enter, or press ? or * to list all spells.
The spell is quite dangerous to miscast (4% risk of failure)!
Continue anyway?
Okay, then.
Casting: Hailstorm (quite dangerous; 4% risk of failure)
Confirm with . or Enter, or press ? or * to list all spells.
The spell is quite dangerous to miscast (4% risk of failure)!
Continue anyway?
Casting: Hailstorm (quite dangerous; 4% risk of failure)
Press: ? - help, Dir - look around, f - activate A cannonade of hail descends around you!
The hail pelts the yak!
You kill the yak!
The hail pelts the yak!
The yak is almost dead.
The wall freezes the yak.
You kill the yak!
Your Conjurations skill increases to level 7!
Unknown command.
Unknown command.
You closely miss the yak.
The frozen ramparts melt away.
Unknown command.
Casting: Hailstorm (quite dangerous; 4% risk of failure)
Confirm with . or Enter, or press ? or * to list all spells.
Casting: Frozen Ramparts (safe; 1% risk of failure)
Press: ? - help, Dir - look around, f - activate The walls around you are covered in ice.
The wall freezes the yak!
The yak gores you!
* * * LOW HITPOINT WARNING * * *
Unknown command.
You scratch the yak. Your claw misses the yak.
The yak is heavily wounded.
The wall freezes the yak.
The yak closely misses you.
You scratch the yak but do no damage. You bite the yak, but do no damage.
The yak is heavily wounded.
The wall freezes the yak!
The yak gores you!
You die...
You are now level 8!
You rejoin the land of the living...
Unknown command.
Unknown command.
Are you sure you want to abandon this character and quit the game? (Confirm with "yes".)

## #########.......#
.###......##.......#
.#...)....##.>.....#
.#........##.......#
.#.................#
'###########.......#
....#.....##.......#
....#..............#
....#.<..)......@..#
....#..............#
....#.....##.......#
....#.....##.......#
....########.......#
###..... #.......#
..... #.......# ....
+.......#


There were no monsters in sight!

Vanquished Creatures
  An unseen horror (D:6)
  A troll (D:5)
  5 yaks (D:7)
  2 water moccasins
  An orc warrior (D:5)
  An ice beast (D:6)
  A sky beast (D:5)
  A black bear (D:6)
  5 ogres
  2 scorpions
  A water moccasin zombie (D:5)
  2 wights
  2 bullfrog zombies
  6 hounds
  2 jellies (D:5)
  An orc priest (D:5)
  A bullfrog skeleton (D:5)
  An iguana (D:4)
  2 orc wizards
  A killer bee zombie (D:5)
  A hound skeleton (D:5)
  A howler monkey zombie (D:7)
  14 adders
  A shadow imp (D:5)
  A white imp (D:5)
  An ufetubus (D:6)
  3 dart slugs
  2 worms
  12 orcs
  3 ball pythons
  2 bats
  4 endoplasms
  A giant cockroach (D:3)
  4 hobgoblins
  4 jackals (D:3)
  5 quokkas
  2 frilled lizards (D:1)
  8 goblins
  6 kobolds
  3 rats
117 creatures vanquished.

Vanquished Creatures (others)
  A plant (D:4)
1 creature vanquished.

Grand Total: 118 creatures vanquished

Notes
Turn   | Place    | Note
-------+----------+-------------------------------------------
     0 | D:1      | tilp the Felid Ice Elementalist began the quest for the
                  | Orb.
     0 | D:1      | Reached XP level 1. HP: 7/7 MP: 4/4
    29 | D:1      | Reached skill level 1 in Unarmed Combat
   467 | D:1      | Reached XP level 2. HP: 11/11 MP: 6/6
  1218 | D:2      | Reached XP level 3. HP: 11/14 MP: 2/7
  1222 | D:2      | Learned a level 3 spell: Frozen Ramparts
  1405 | D:2      | Found a faded altar of an unknown god.
  3186 | D:3      | Reached XP level 4. HP: 18/18 MP: 4/8
  3197 | D:3      | Learned a level 3 spell: Ozocubu's Armour
  3895 | D:4      | Noticed a scorpion
  3969 | D:4      | Reached skill level 5 in Ice Magic
  3969 | D:4      | Reached XP level 5. HP: 11/21 MP: 1/10
  4596 | D:4      | Noticed an ice beast
  4732 | D:4      | Gained mutation: You are covered in thick fur. (AC +2)
                  | [Felid growth]
  4732 | D:4      | Reached XP level 6. HP: 24/24 MP: 6/11
  5544 | D:5      | Entered Level 5 of the Dungeon
  5578 | D:5      | Noticed a water moccasin
  5606 | D:5      | Reached skill level 1 in Fighting
  5934 | D:5      | Killed a water moccasin
  5935 | D:5      | Reached XP level 7. HP: 19/28 MP: 3/12
  6651 | D:3      | Identified a scroll of acquirement
  6651 | D:3      | Acquired the amulet of Cann {Reflect rElec Int+2 SH+5
                  | Stlth+}
  6708 | D:5      | Found a transporter.
  6708 | D:5      | Noticed Blackjack's ghost (amateur GnWz)
  7128 | D:5      | Noticed a troll
  7153 | D:5      | Learned a level 4 spell: Hailstorm
  7170 | D:5      | Reached skill level 5 in Stealth
  7270 | D:5      | Found a transporter.
  7291 | D:5      | Slain by an ogre
  7292 | D:5      | Reached XP level 6. HP: -4/26 MP: 8/11
  7340 | D:5      | Killed an orc warrior
  7341 | D:5      | Reached skill level 1 in Conjurations
  7341 | D:5      | Reached XP level 7. HP: 30/30 MP: 3/12
  7466 | D:5      | Found a staircase to the Ecumenical Temple.
  7479 | Temple   | Entered the Ecumenical Temple
  7624 | Temple   | Became a worshipper of Ru the Awakened
  8387 | D:5      | Reached XP level 8. HP: 29/33 MP: 3/15
  8515 | D:5      | Killed a troll
  8942 | D:6      | Noticed an unseen horror
  8948 | D:6      | Killed an unseen horror
  8949 | D:6      | Reached skill level 5 in Conjurations
  9846 | D:7      | Found Moivviupp's Antique Armour Shop.
  9850 | D:7      | Reached skill level 5 in Spellcasting
 10055 | D:7      | Reached XP level 9. HP: 36/36 MP: 10/17
 10233 | D:7      | Slain by a yak
 10234 | D:7      | Reached XP level 8. HP: -2/33 MP: 2/16
 10234 | D:7      | Quit the game

Illustrated notes

Levels and vault maps discovered:
D:1:      co_arrival_square_in_a_square_in_a_square, layout_rooms,
          minmay_distorted
D:2:      layout_basic, dreamdust_ecumenical_altar_grove
D:3:      layout_basic
D:4:      layout_cave_pods, serial_forest, infiniplex_forest_clump_tiny,
          infiniplex_forest_zigzag_2, infiniplex_forest_lined_1,
          infiniplex_forest_straight_5, infiniplex_forest_zigzag_2,
          infiniplex_forest_clump_tiny, grunt_ministairs_12,
          hangedman_decor_push
D:5:      cheibrodos_fzero, layout_cave_pools, minmay_temple_entry_glassed_door,
          gammafunk_ghost_mausoleum, hex_large
D:6:      layout_basic
D:7:      layout_gridville, gammafunk_ghost_abyssal_escape, serial_shops,
          nicolae_shop_crystal, shop
Temple:   regret_index_temple_mists

Skill      XL: |  1  2  3  4  5  6  7  8  9 |
---------------+----------------------------+-----
Unarmed Combat | 1 2 3 4 |  4.0
Ice Magic      | 4 5 6 7 |  7.8
Spellcasting   | 3 4 5 |  5.0
Dodging        | 3 4 |  4.0
Stealth        | 3 6 |  6.0
Fighting       | 1 2 |  2.0
Conjurations   | 1 3 5 7 |  7.0

Action                   |  1- 3 |  4- 6 |  7- 9 || total
-------------------------+-------+-------+-------++-------
Melee: Unarmed           |    17 |    39 |    99 ||   155
       Bite              |     1 |     6 |     9 ||    16
       Punch             |       |     1 |     1 ||     2
 Cast: Freeze            |    40 |    31 |    39 ||   110
       Frozen Ramparts   |     2 |    13 |    19 ||    34
       Ozocubu's Armour  |       |     6 |    24 ||    30
       Hailstorm         |       |       |    10 ||    10
  Use: Scroll            |     3 |     8 |    10 ||    21
       Potion            |       |     2 |     1 ||     3
 Stab: Sleeping          |     8 |     2 |     8 ||    18
Armor: Skin              |       |    11 |    12 ||    23
Dodge: Dodged            |    24 |    55 |    76 ||   155
Block: Other             |       |       |    16 ||    16

Table legend: (Time is in decaauts)
 A = Elapsed time spent in this place.
 B = Non-inter-level travel time spent in this place.
 C = Inter-level travel time spent in this place.
 D = Time resting spent in this place.
 E = Time spent auto-exploring this place.
 F = Levels seen in this place.
 G = Mean time per level.
                   A        B        C        D        E       F      G
               +--------+--------+--------+--------+--------+-----+--------+
         Total |   9330 |   9007 |    323 |   2569 |   5381 |   8 | 1166.2 |
       Dungeon |   9145 |   8845 |    300 |   2569 |   5245 |   7 | 1306.4 |
        Temple |    185 |    162 |     23 |      0 |    135 |   1 |  185.0 |
               +--------+--------+--------+--------+--------+-----+--------+

Top non-repeatable levels by time:
     D:5: 2270 daAuts
     D:4: 1895 daAuts
     D:2: 1527 daAuts
     D:3: 1108 daAuts
     D:6: 1106 daAuts
     D:1: 912 daAuts
     D:7: 323 daAuts
  Temple: 185 daAuts
